 Dungeon Crawl Stone Soup version 0.28.0-43-g3370ac3207 (webtiles) character file.

Game seed: 12992497714256530885

20589 pkoi the Zephyrmancer (level 12, 0/51 HPs)
             Began as a Spriggan Air Elementalist on Mar 8, 2022.
             Was an Elder of Sif Muna.
             Slain by a wolf (9 damage)
             ... on level 2 of the Lair of Beasts.
             The game lasted 00:36:28 (27794 turns).

pkoi the Zephyrmancer (Spriggan Air Elementalist)  Turns: 27794, Time: 00:36:28

Health: 0/51       AC:  5    Str: 10    XL:     12   Next: 46%
Magic:  19/27      EV: 17    Int: 22    God:    Sif Muna [****..]
Gold:   768        SH:  0    Dex: 15    Spells: 20/31 levels left

rFire   + . .      SeeInvis +   D - +0 staff of Battle
rCold   + + .      Faith    +   (shield currently unavailable)
rNeg    . . .      Spirit   .   C - +1 robe {rC+ rF+}
rPois   .          Reflect  .   (helmet restricted)
rElec   .          Harm     .   k - +1 cloak
rCorr   .          Rampage  .   (gloves unavailable)
Will    ++...                   (boots unavailable)
Stlth   +++.......              q - amulet of faith
HPRegen 0.17/turn               e - +6 ring of strength
MPRegen 0.20/turn               u - ring of protection from cold

@: very quick
A: very small, no large weapons, unfitting armour, see invisible, speed 3
a: Renounce Religion, Channel Magic, Forget Spell, Divine Exegesis


You were on level 2 of the Lair of Beasts.
You worshipped Sif Muna.
Sif Muna was greatly pleased with you.
You visited 3 branches of the dungeon, and saw 15 of its levels.

You collected 768 gold pieces.

Inventory:

Hand Weapons
 b - a +1 club
 c - a +0 vorpal lajatang
 f - a +3 short sword
 p - a +0 dagger of venom
 x - a +5 short sword
 D - the +0 staff of Battle (weapon)
   (You found it on level 10 of the Dungeon)

   It enhances your conjuration magic.
   It summons a battlesphere in combat, with strength depending on Conjurations
   skill.
   Its strikes trigger the battlesphere's blasts.
Missiles
 v - 2 curare-tipped darts
 G - 3 throwing nets
Armour
 k - a +1 cloak (worn)
 C - a +1 robe of resistance (worn)
Jewellery
 e - a +6 ring of strength (left hand)
 q - an amulet of faith (around neck)
 u - a ring of protection from cold (right hand)
Wands
 h - a wand of paralysis (3)
 i - a wand of iceblast (21)
 r - a wand of polymorph (7)
 w - a wand of flame (34)
 y - a wand of mindburst (6)
 E - a wand of acid (5)
Scrolls
 a - a scroll of magic mapping
 g - 2 scrolls of fear
 m - 7 scrolls of identify
 n - 3 scrolls of amnesia
 o - 3 scrolls of teleportation
 t - 3 scrolls of blinking
 B - 4 scrolls of enchant weapon
 F - a scroll of summoning
Potions
 d - 2 potions of cancellation
 j - 2 potions of flight
 l - 2 potions of haste
 s - a potion of ambrosia
 z - a potion of heal wounds
 A - 6 potions of curing


   Skills:
 - Level 2.6 Dodging
 - Level 6.0 Stealth
 - Level 10.2 Spellcasting
 + Level 8.5 Conjurations
 - Level 8.0 Translocations
 - Level 13.3 Air Magic
 - Level 3.0 Invocations


You had 20 spell levels left.
You knew the following spells:

 Your Spells              Type           Power      Damage    Failure   Level
a - Shock                 Conj/Air       100%       1d9       1%          1
b - Swiftness             Air            63%        N/A       1%          3
c - Airstrike             Air            31%        N/A       1%          4
d - Gell's Gravitas       Tloc           46%        N/A       1%          3

Your spell library contained the following spells:

 Spells                   Type           Power      Damage    Failure   Level
 Static Discharge         Conj/Air       73%        N/A       1%          2
 Lesser Beckoning         Tloc           46%        N/A       1%          3
 Teleport Other           Tloc           46%        N/A       1%          3
 Freezing Cloud           Conj/Ice/Air   30%        6-21      9%          5
 Confusing Touch          Hex            11%        N/A       19%         3
 Ozocubu's Armour         Ice            11%        N/A       19%         3
 Dispersal                Tloc           23%        N/A       32%         6
 Animate Armour           Summ/Erth      22%        N/A       52%         4
 Iron Shot                Conj/Erth      22%        9d5       85%         6
 Alistair's Intoxication  Tmut/Pois      7%         N/A       86%         5
 Blade Hands              Tmut           5%         N/A       86%         5
 Borgnjor's Vile Clutch   Necr/Erth      5%         N/A       86%         5
 Metabolic Englaciation   Hex/Ice        5%         N/A       86%         5
 Yara's Violent Unravell  Hex/Tmut       5%         3d4       86%         5
 Eringya's Noxious Bog    Tmut/Pois      5%         N/A       100%        6
 Simulacrum               Ice/Necr       5%         N/A       100%        6
 Enfeeble                 Hex            5%         N/A       100%        7
 Polar Vortex             Ice            5%         N/A       100%        9


Dungeon Overview and Level Annotations

Branches:
Dungeon (11/15)            Temple (1/1) D:4            Lair (3/6) D:10
    Orc (0/2) D:9
  Swamp: Lair:2-4    Shoals: Lair:2-4     Snake: Lair:2-4    Spider: Lair:2-4

Altars:
Ashenzari
Cheibriados
Dithmenos
Elyvilon
Fedhas
Gozag
Hepliaklqana
Kikubaaqudgha
Makhleb
Nemelex Xobeh
Okawaru
Qazlal
Ru
Sif Muna
Trog
Uskayaw
Vehumet
Wu Jian
Xom
Yredelemnul
Zin
The Shining One

Shops:
D:4 (   D:8 *

Annotations:
D:4 Sigmund


Innate Abilities, Weirdness & Mutations

You are very small and have problems with some larger weapons.
You are too small for most types of armour.
You have supernaturally acute eyesight. (SInv)
You cover ground extremely quickly. (Speed+++)


Message History

A wolf comes into view.
The wolf howls!
Aiming: Shock (safe; 1% risk of failure)
Press: ? - help, Q - select action, (/) - cycle Shift-Dir - straight line, f/p - cane toad
Aim: a cane toad (severely wounded, 77% to hit)
You feel a surge of power!
The zap hits the cane toad!
The cane toad is almost dead.
You feel sick.
You are no longer poisoned.
Your battlesphere fires!
The barrage of energy hits the wolf.
The wolf is lightly wounded.
You swap places.
Aiming: Shock (safe; 1% risk of failure)
Press: ? - help, Q - select action, (/) - cycle Shift-Dir - straight line, f/p - cane toad
Aim: a cane toad (almost dead, 77% to hit)
You feel a surge of power!
The zap hits the cane toad but does no damage.
The cane toad is almost dead.
Your battlesphere fires!
The barrage of energy hits the cane toad!
You kill the cane toad!
Sif Muna accepts your kill.
A yak comes into view.
A yak comes into view.
A yak comes into view.
The yak bellows!
The wolf bites your battlesphere.
Casting: Shock (safe; 1% risk of failure)
Confirm with . or Enter, or press ? or * to list all spells.
Aiming: Airstrike (safe; 1% risk of failure)
Press: ? - help, Dir - move target, f - wolf
Aim: a wolf (lightly wounded, empty space bonus: 7/8)
The air twists around and strikes the wolf!
The wolf is severely wounded.
The wolf bites your battlesphere. The wolf bites you.
* * * LOW HITPOINT WARNING * * *
The wolf bites you!
You die...

....##<÷..#....#........(♣♣♣*..♣.
....+..........#.........♣...♣♣♣.
.#.........☼..##.....#Y#....♣♣P.♣
##............#...Y.#......♣♣♣♣♣♣
#...+.........#...*Y#......♣..♣♣♣
....##........##...Y.....[.....♣♣
.#.............#...............##
.#..P#........##.h..P..###......#
##..##.#.##.####@.......(......##
....####.#.#..##..............°##
.............†...................
.................................
.................................
..................#..P.###.......
....[...}.................#....##
..........................#.....#
##.>..[.####.#............#....+.


You could see 3 yaks, a wolf (ally target) and a friendly battlesphere.

Vanquished Creatures
  Harold (Lair:1)
  2 hydras (Lair:1)
  2 two-headed ogres
  An oklob plant (D:10)
  6 elephants
  A black mamba (Lair:2)
  4 cane toads (Lair:2)
  Maggie (D:9)
  An unseen horror (D:11)
  3 kobold demonologists
  A rime drake (Lair:2)
  2 tengu conjurers (D:10)
  4 komodo dragons
  3 meliai (D:10)
  3 trolls
  A hornet (D:9)
  Prince Ribbit (D:5)
  A dream sheep (Lair:2)
  A vampire (D:10)
  5 wyverns
  8 yaks
  A steam dragon (D:6)
  5 vampire mosquitoes
  Edmund (D:5)
  3 swamp worms (Lair:2)
  An acid dragon (D:11)
  3 water moccasins
  5 orc warriors
  Duvessa (D:6)
  3 sky beasts
  An ice beast (D:6)
  4 ogres
  3 phantoms (D:9)
  A centaur (D:7)
  7 kobold brigands
  Blork the orc (D:5)
  7 bullfrogs
  A gnoll sergeant (D:9)
  4 scorpions
  Dowan (D:6)
  3 troll zombies (D:9)
  A water moccasin skeleton (D:5)
  9 killer bees (D:9)
  4 wights (D:8)
  3 electric eels
  4 howler monkeys
  3 centaur zombies
  4 orc priests
  3 bullfrog skeletons
  5 hounds
  2 iguanas
  4 orc wizards
  A killer bee zombie (D:6)
  3 ogre zombies (D:9)
  A hound zombie (D:2)
  A hound skeleton (D:5)
  A howler monkey zombie (D:8)
  11 gnolls
  3 adders
  An ufetubus (D:6)
  2 adder zombies (D:2)
  A worm (D:2)
  2 dart slugs
  19 orcs
  6 ball pythons
  9 bats
  2 bat skeletons (D:2)
  8 endoplasms
  3 giant cockroaches
  4 goblins
  4 hobgoblins
  9 jackals
  18 kobolds
  A quokka (D:4)
  7 frilled lizards
  2 goblin zombies (D:9)
  2 hobgoblin skeletons (D:9)
  3 hobgoblin zombies (D:9)
  3 orc skeletons (D:9)
  8 orc zombies (D:9)
  A quokka skeleton (D:4)
  4 rats
290 creatures vanquished.

Vanquished Creatures (others)
  15 fungi (Lair:2)
  80 plants
95 creatures vanquished.

Grand Total: 385 creatures vanquished

Notes
Turn   | Place    | Note
-------+----------+-------------------------------------------
     0 | D:1      | pkoi the Spriggan Air Elementalist began the quest for the
                  | Orb.
     0 | D:1      | Reached XP level 1. HP: 9/9 MP: 5/5
   255 | D:1      | Reached skill level 3 in Air Magic
   510 | D:1      | Reached XP level 2. HP: 13/13 MP: 3/6
   630 | D:1      | Found a faded altar of an unknown god.
  1636 | D:1      | Found a shimmering blue altar of Sif Muna.
  1723 | D:2      | Reached XP level 3. HP: 7/16 MP: 0/8
  2022 | D:2      | Found a hazy altar of Hepliaklqana.
  2124 | D:2      | Reached skill level 4 in Air Magic
  3332 | D:3      | Noticed a scorpion
  3395 | D:2      | Killed a scorpion
  3396 | D:2      | Reached skill level 5 in Air Magic
  3396 | D:2      | Reached XP level 4. HP: 21/21 MP: 0/9
  3977 | D:2      | Reached XP level 5. HP: 10/24 MP: 4/10
  5318 | D:4      | Learned a level 3 spell: Swiftness
  5323 | D:4      | Learned a level 4 spell: Airstrike
  5440 | D:4      | Reached skill level 6 in Air Magic
  5541 | D:4      | Found Ladesa's Antique Weapon Shop.
  5585 | D:4      | Noticed Sigmund
  5640 | D:4      | Reached XP level 6. HP: 22/28 MP: 6/11
  6388 | D:4      | Found a staircase to the Ecumenical Temple.
  6400 | Temple   | Entered the Ecumenical Temple
  6650 | Temple   | Became a worshipper of Sif Muna the Loreminder
  6874 | D:4      | Reached skill level 5 in Stealth
  7207 | D:5      | Entered Level 5 of the Dungeon
  7215 | D:5      | Reached XP level 7. HP: 32/32 MP: 5/12
  7389 | D:5      | Reached skill level 7 in Air Magic
  7467 | D:5      | Noticed Blork the orc
  7477 | D:5      | Killed Blork the orc
  8656 | D:5      | Reached skill level 8 in Air Magic
  9171 | D:5      | Noticed Edmund
  9906 | D:6      | Reached XP level 8. HP: 27/36 MP: 13/13
 10102 | D:6      | Noticed Prince Ribbit
 10436 | D:6      | Noticed a kobold demonologist
 10489 | D:6      | Noticed a kobold demonologist
 10779 | D:5      | Killed a kobold demonologist
 10780 | D:5      | Reached skill level 9 in Air Magic
 10878 | D:5      | Noticed a sun demon
 10879 | D:5      | Killed a kobold demonologist
 10880 | D:5      | Reached skill level 5 in Spellcasting
 11478 | D:5      | Killed Prince Ribbit
 11479 | D:5      | Reached skill level 10 in Air Magic
 11479 | D:5      | Reached XP level 9. HP: 32/39 MP: 5/18
 12053 | D:6      | Reached skill level 1 in Conjurations
 12199 | D:6      | Noticed Dowan
 12202 | D:6      | Killed Dowan
 12202 | D:6      | Reached * piety under Sif Muna
 12205 | D:6      | Noticed Duvessa
 12662 | D:5      | Killed Edmund
 13030 | D:6      | Killed Duvessa
 13723 | D:7      | Found a stormy altar of Qazlal.
 13975 | D:7      | Reached skill level 11 in Air Magic
 15195 | D:7      | Learned a level 3 spell: Gell's Gravitas
 15214 | D:8      | Noticed a kobold demonologist
 15374 | D:8      | Killed a kobold demonologist
 15375 | D:8      | Reached skill level 1 in Translocations
 15375 | D:8      | Reached XP level 10. HP: 44/44 MP: 2/22
 16145 | D:8      | Reached ** piety under Sif Muna
 16452 | D:8      | Found Esaall's Neck Hole.
 16855 | D:8      | Reached skill level 1 in Invocations
 17001 | D:8      | Identified the +3 battleaxe "Conservator" {drain, *Rage rN+
                  | Str+4}
 18495 | D:9      | Noticed a two-headed ogre
 18564 | D:9      | Killed a two-headed ogre
 18628 | D:9      | Reached skill level 12 in Air Magic
 18780 | D:9      | Found a staircase to the Orcish Mines.
 19440 | D:9      | Noticed Maggie
 19453 | D:9      | Killed Maggie
 19453 | D:9      | Reached *** piety under Sif Muna
 19842 | D:9      | Reached skill level 5 in Translocations
 20600 | D:9      | Reached XP level 11. HP: 47/47 MP: 15/24
 21392 | D:10     | Entered Level 10 of the Dungeon
 22015 | D:10     | Noticed a two-headed ogre
 22210 | D:10     | Killed a two-headed ogre
 22935 | D:10     | Found a staircase to the Lair.
 22937 | D:10     | Noticed an oklob plant
 23070 | D:10     | Killed an oklob plant
 23611 | D:10     | Reached skill level 13 in Air Magic
 23857 | D:10     | Found the +0 staff of Battle
 24455 | D:11     | Reached skill level 5 in Conjurations
 24493 | D:11     | Reached **** piety under Sif Muna
 24584 | Lair:1   | Entered Level 1 of the Lair of Beasts
 24614 | Lair:1   | Reached skill level 10 in Spellcasting
 24641 | Lair:1   | Noticed a four-headed hydra
 24657 | Lair:1   | Killed a four-headed hydra
 24785 | Lair:1   | Noticed Harold
 24793 | Lair:1   | Killed Harold
 25167 | Lair:1   | Noticed a seven-headed hydra
 25249 | Lair:1   | Killed a seven-headed hydra
 25250 | Lair:1   | Reached XP level 12. HP: 51/51 MP: 1/27
 27794 | Lair:2   | Slain by a wolf

Illustrated notes

Levels and vault maps discovered:
D:1:      dpeg_arrival_water_altar, layout_basic,
          hellmonk_ecumenical_altar_crossroads
D:2:      layout_loops_corners, serial_undead, serial_undead_d, serial_undead_b,
          serial_undead_d, serial_undead_f, basic_altar
D:3:      layout_rooms, gup_sewer_entry_glass, chequers_serial_rivers_large_a,
          kennysheep_generic_room_10
D:4:      layout_loops_ring, minmay_temple_entry_slanted, serial_shops,
          nicolae_inconvenience_store, lexackson_kobold_supper, uniq_sigmund
D:5:      layout_basic, uniq_edmund, uniq_blork_the_orc
D:6:      layout_rooms, uniq_duvessa, uniq_prince_ribbit1
D:7:      layout_cave_pools, nicolae_qazlal_scattered_showers
D:8:      layout_gridville, special_room [special_room_kobold],
          nicolae_shop_sticking_my_neck_out
D:9:      layout_grid_maze, zombieorc1_lemuel, amcnicky_mini_pool_medium,
          uniq_maggie
D:10:     layout_irregular_city, dpeg_oklobed_lair,
          hellmonk_guarded_unrand_staff_of_battle
D:11:     layout_rooms, onia_ninara_cookie, uniq_erica
Temple:   mainiacjoe_temple_hex_bubbles
Lair:1:   layout_concentric_octagons, grunt_megastairs_1, uniq_harold
Lair:2:   layout_regular_city, worms_lemuel, wad_woods_river_01
Lair:3:   layout_long_grid, minmay_swamp_entry_wisps,
          grunt_forest_small_clearing_treed, uniq_nergalle, uniq_rupert

Skill      XL: |  1  2  3  4  5  6  7  8  9 10 11 12 |
---------------+-------------------------------------+-----
Air Magic      | 3 5 6 8 10 11 12 13 | 13.3
Stealth        | 5 6 |  6.0
Spellcasting   | 5 7 8 10 | 10.2
Conjurations   | 2 4 6 8 |  8.5
Translocations | 1 5 8 |  8.0
Invocations    | 3 |  3.0
Dodging        | |  2.6

Action                   |  1- 3 |  4- 6 |  7- 9 | 10-12 || total
-------------------------+-------+-------+-------+-------++-------
Melee: Club              |     8 |       |       |       ||     8
       Lajatang          |     6 |     7 |    16 |     6 ||    35
       Staff             |       |       |       |     2 ||     2
 Cast: Shock             |   103 |   146 |   114 |   105 ||   468
       Airstrike         |       |       |   102 |   269 ||   371
  Use: Potion            |     1 |     3 |     3 |       ||     7
       Scroll            |     1 |     7 |     2 |     7 ||    17
 Stab: Sleeping          |       |       |     2 |     2 ||     4
       Distracted        |       |       |     1 |       ||     1
Armor: Robe              |     8 |     7 |    10 |     7 ||    32
Dodge: Dodged            |    31 |    36 |    43 |    53 ||   163
